 Dungeon Crawl Stone Soup version 0.26-a0-1205-g4083c211ab (webtiles) character file.

Game seed: 6928754074717351441

61 Azzok the Skirmisher (level 3, -16/29 HPs)
             Began as a Demonspawn Berserker on Dec 29, 2020.
             Was a Follower of Trog.
             Demolished by an ogre
             ... wielding a +0 giant spiked club
              (28 damage)
             ... on level 2 of the Dungeon.
             The game lasted 00:01:08 (1386 turns).

Azzok the Skirmisher (Demonspawn Berserker)         Turns: 1386, Time: 00:01:09

Health: -16/29     AC:  2    Str: 18    XL:     3   Next: 83%
Magic:  3/3        EV: 14    Int:  8    God:    Trog [*.....]
Gold:   69         SH:  3    Dex: 12    Spells: 2/2 levels left

rFire    . . .     SeeInvis .   a - +0 hand axe
rCold    . . .     Faith    .   f - +0 buckler
rNeg     . . .     Spirit   .   b - +0 animal skin
rPois    .         Reflect  .   (no helmet)
rElec    .         Harm     .   (no cloak)
rCorr    .         Rampage  .   (no gloves)
Will     .....                  (no boots)
Stlth    +.........             (no amulet)
HPRegen  0.09/turn              (no ring)
MPRegen  0.08/turn              (no ring)

@: berserk cooldown, slowed, very slow
A: repulsion field 1
a: Renounce Religion, Berserk


You were on level 2 of the Dungeon.
You worshipped Trog.
Trog was aware of your devotion.
You visited 1 branch of the dungeon, and saw 2 of its levels.

You collected 69 gold pieces.

Inventory:

Hand Weapons
 a - a +0 hand axe (weapon)
Armour
 b - a +0 animal skin (worn)
 f - a +0 buckler (worn)
Scrolls
 d - a scroll of noise {unknown}
 g - a scroll of blinking {unknown}
Potions
 c - 2 potions of magic {unknown}
 e - a potion of might {unknown}
 h - a potion of haste {unknown}


   Skills:
 + Level 3.5 Fighting
 + Level 3.1 Axes
 + Level 2.4 Armour
 - Level 2.0 Dodging
 + Level 1.0 Shields


You had 2 spell levels left.
You didn't know any spells.
Your spell library was empty.

Dungeon Overview and Level Annotations

Branches:
Dungeon (2/15)

Altars:


Innate Abilities, Weirdness & Mutations

You are surrounded by a mild repulsion field. (EV +2)


Message History

You kill the gnoll!
Trog accepts your kill.
You slash the gnoll!
You kill the gnoll!
Trog accepts your kill.
You are no longer berserk.
You are exhausted.
You feel yourself slow down.
Your Shields skill increases to level 1!
You hit the ogre but do no damage. The ogre barely misses you.
The gnoll barely misses you.
You hit the ogre.
The ogre is lightly wounded.
You block the gnoll's attack. The ogre barely misses you.
The gnoll hits you from afar with a +3 spear.
You barely miss the ogre.
The ogre is lightly wounded.
The ogre hits you with a +0 giant spiked club!!
Ouch! That really hurt!
You die...

▒·▒▒·▒··········▒▒
▒
················▒
▒·▒▒············▒
▒▒▒·▒········▒▒
▒············▒▒▒
····▒▒··▒▒▒·▒▒>··▒
▒▒▒▒ ▒▒·····▒▒▒▒·▒
▒ ▒▒▒)··▒ ▒·▒ ·▒
▒▒··▒▒ ▒@▒ ▒▒·▒
▒··)▒▒▒O▒▒···▒·▒
▒·▒···▒g········
▒·▒▒▒·▒▒······▒
▒·▒ ▒····▒····▒
··▒ ▒▒▒··▒▒···▒
·▒▒ ▒▒>·▒·$·▒ ▒·
▒▒··▒▒▒▒▒ ▒····▒


You could see an ogre and a gnoll.

Vanquished Creatures
  2 gnolls (D:2)
  An adder (D:2)
  A worm (D:2)
  2 leopard geckos
  4 bats
  5 goblins
  5 hobgoblins
  A jackal (D:1)
  4 kobolds
  2 frilled lizards
  A rat (D:1)
28 creatures vanquished.

Notes
Turn   | Place    | Note
-------+----------+-------------------------------------------
     0 | D:1      | Azzok the Demonspawn Berserker began the quest for the Orb.
     0 | D:1      | Reached XP level 1. HP: 18/18 MP: 1/1
   359 | D:1      | Gained mutation: You are surrounded by a mild repulsion
                  | field. (EV +2) [demonic ancestry]
   359 | D:1      | Reached XP level 2. HP: 14/24 MP: 2/2
  1011 | D:2      | Reached XP level 3. HP: 8/29 MP: 3/3
  1358 | D:2      | Noticed an ogre
  1384 | D:2      | Reached skill level 1 in Shields
  1386 | D:2      | Demolished by an ogre

Illustrated notes

Levels and vault maps discovered:
D:1:      dpeg_arrival_pits, layout_basic, minmay_indecisive_spiral
D:2:      layout_rooms

Skill      XL: |  1  2  3 |
---------------+----------+-----
Armour         | 2 |  2.4
Dodging        | 2 |  2.0
Axes           | 3 |  3.1
Shields        | 1 |  1.0
Fighting       | |  3.5

Action                   || total
-------------------------++-------
Melee: Hand axe          ||    90
Invok: Berserk           ||     2
 Stab: Sleeping          ||     1
Armor: Animal skin       ||    27
Dodge: Dodged            ||    66
Block: Buckler           ||     7

Table legend: (Time is in decaauts)
 A = Elapsed time spent in this place.
 B = Non-inter-level travel time spent in this place.
 C = Inter-level travel time spent in this place.
 D = Time resting spent in this place.
 E = Time spent auto-exploring this place.
 F = Levels seen in this place.
 G = Mean time per level.
                   A        B        C        D        E       F      G
               +--------+--------+--------+--------+--------+-----+--------+
         Total |   1403 |   1394 |      9 |    111 |   1057 |   2 |  701.5 |
       Dungeon |   1403 |   1394 |      9 |    111 |   1057 |   2 |  701.5 |
               +--------+--------+--------+--------+--------+-----+--------+

Top non-repeatable levels by time:
     D:1: 978 daAuts
     D:2: 424 daAuts
